Map: 烏瑞那

Players

Rose (Python)

  • Race: Zerg Zerg
  • League: Grandmaster

FWHas (Has) - Winner!

  • Race: Protoss Protoss
  • League: Master

Event: 2016 WCS Winter Challenger Taiwan

VOD

Have the link to the VOD?

Description

Time

  • Played on: Jan. 14, 2016, 6:35 a.m.
  • Length: 9:03

All games in this series

Show
View Real Time Build Order
Export as new Build Order

Rose Zerg 

Build Orders: Hatch First 

Get SALT Encoding   

  12  0:00  Drone  
  13  0:08  Drone  
  14  0:17  Overlord  
  14  0:22  Extractor  
  14  0:23  Drone  
  15  0:35  Drone x2  
  17  0:54  Hatchery  
  17  0:57  Drone  
  17  1:10  Spawning Pool  
  16  1:12  Extractor  
  16  1:13  Drone  
  16  1:17  Drone  
  17  1:20  Drone  
  18  1:28  Drone  
  19  1:37  Drone  
  20  1:48  Overlord  
  20  1:56  Queen  
  22  2:06  Zergling x2, Queen  
  22  2:07  Drone  
  26  2:10  Drone  
  26  2:13  Metabolic Boost  
  27  2:19  Drone  
  27  2:21  Drone  
  29  2:29  Drone  
  30  2:37  Drone  
  31  2:53  Hatchery, Queen  
  31  2:54  Drone  
  31  2:55  Drone x2  
  31  2:57  Drone  
  36  3:05  Overlord  
  36  3:15  Overlord  
  36  3:23  Drone  
  36  3:24  Drone x6  
  43  3:33  Overlord  
  43  3:34  Drone  
  44  3:41  Roach Warren, Zergling x6  
  47  3:48  Zergling x4  
  45  3:58  Drone x2  
  44  4:08  Drone x5  
  48  4:11  Drone  
  48  4:12  Drone  
  48  4:15  Drone  
  50  4:21  Drone x2  
  52  4:25  Spore Crawler  
  52  4:26  Spore Crawler  
  52  4:28  Spore Crawler  
  52  4:29  Drone x2  
  51  4:35  Drone  
  51  4:36  Drone  
  51  4:38  Drone  
  49  4:42  Drone  
  50  4:46  Drone x3  
  50  4:47  Drone  
  50  4:48  Drone  
  50  4:50  Drone  
  56  4:56  Drone x3  
  56  4:57  Drone  
  60  5:03  Overlord  
  60  5:06  Lair  
  60  5:09  Drone  
  60  5:10  Extractor  
  60  5:11  Drone, Evolution Chamber  
  59  5:16  Drone x3  
  59  5:19  Drone  
  59  5:20  Drone x2  
  64  5:23  Drone x2  
  66  5:28  Extractor  
  66  5:29  Overlord, Drone  
  66  5:34  Overlord x2  
  64  5:45  Zergling x2, Roach  
  64  5:48  Overlord  
  64  5:49  Roach  
  66  5:56  Roach  
  72  5:57  Roach x3  
  72  5:58  Zerg Missile Weapons Level 1  
  74  6:06  Queen  
  68  6:23  Drone x3, Queen  
  68  6:24  Drone x6  
  77  6:26  Queen  
  77  6:31  Glial Reconstitution  
  80  6:32  Drone  
  80  6:37  Drone x2  
  80  6:38  Overlord x2  
  82  6:45  Overlord x2  
  82  6:47  Extractor  
  78  6:56  Overlord  
  78  6:57  Drone x2  
  78  6:59  Drone  
  81  7:06  Drone x2  
  81  7:07  Overlord, Drone x4  
  87  7:12  Queen  
  87  7:14  Extractor  
  88  7:18  Overlord  
  88  7:19  Roach x3  
  94  7:31  Roach x3  
  94  7:32  Roach x2  
  94  7:33  Extractor  
  103  7:37  Ravager x4  
  103  7:40  Roach  
  103  7:41  Roach x2  
  110  7:50  Zergling x6, Roach x4  
  118  7:52  Ravager x2  
  114  7:59  Zergling x2, Roach  
  114  8:00  Zergling x2  
  114  8:05  Roach  
  106  8:11  Roach x2  
  104  8:13  Ravager x2  
  104  8:14  Zergling x4  
  104  8:17  Overlord x2  
  102  8:21  Overlord  
  102  8:25  Zergling x2, Roach  
  95  8:29  Roach  
  95  8:31  Overlord  
  93  8:35  Ravager x2  
  93  8:38  Roach  
  92  8:41  Roach  
Show
View Real Time Build Order
Export as new Build Order

FWHas Protoss - Winner!

Build Orders: Nexus First, Oracle Opening 

Get SALT Encoding   

  12  0:01  Probe (Chrono Boost)  
  13  0:12  Probe (Chrono Boost)  
  14  0:20  Pylon  
  14  0:22  Probe (Chrono Boost)  
  15  0:38  Probe (Chrono Boost)  
  16  0:49  Probe (Chrono Boost)  
  17  1:00  Nexus  
  18  1:04  Probe (Chrono Boost)  
  18  1:14  Gateway  
  18  1:17  Probe (Chrono Boost)  
  19  1:26  Assimilator  
  19  1:28  Probe (Chrono Boost)  
  19  1:30  Assimilator  
  20  1:38  Probe (Chrono Boost)  
  21  1:44  Gateway  
  21  1:49  Probe (Chrono Boost)  
  22  1:59  Probe (Chrono Boost)  
  22  2:01  Cybernetics Core  
  23  2:12  Probe (Chrono Boost)  
  23  2:13  Probe (Chrono Boost)  
  25  2:22  Probe (Chrono Boost)  
  26  2:24  Probe (Chrono Boost)  
  27  2:33  Probe (Chrono Boost), Pylon  
  29  2:39  Adept x2 (Chrono Boost)  
  29  2:41  Probe  
  33  2:49  Pylon  
  33  2:50  Probe  
  34  2:52  Warp Gate  
  34  3:02  Stargate  
  34  3:05  Mothership Core (Chrono Boost)  
  35  3:07  Probe (Chrono Boost)  
  36  3:15  Gateway  
  36  3:18  Probe (Chrono Boost)  
  37  3:24  Probe (Chrono Boost)  
  38  3:28  Adept  
  38  3:29  Adept  
  38  3:31  Probe (Chrono Boost)  
  43  3:35  Probe (Chrono Boost)  
  44  3:41  Pylon  
  44  3:42  Probe (Chrono Boost)  
  44  3:45  Oracle (Chrono Boost)  
  44  3:47  Probe (Chrono Boost)  
  49  3:52  Probe (Chrono Boost)  
  50  3:58  Probe (Chrono Boost)  
  51  4:03  Probe (Chrono Boost)  
  51  4:08  Probe (Chrono Boost)  
  51  4:13  Probe (Chrono Boost)  
  51  4:14  Assimilator  
  51  4:15  Assimilator  
  50  4:19  Probe  
  50  4:22  Probe  
  50  4:23  Nexus  
  52  4:24  Pylon  
  53  4:31  Probe  
  53  4:34  Probe  
  54  4:42  Void Ray (Chrono Boost)  
  54  4:43  Probe  
  59  4:48  Probe  
  59  4:49  Robotics Facility  
  60  4:58  Adept x2  
  60  4:59  Adept  
  66  5:00  Probe  
  66  5:03  Pylon  
  67  5:07  Probe  
  67  5:10  Probe  
  69  5:20  Probe  
  70  5:21  Probe  
  70  5:28  Twilight Council  
  71  5:29  Sentry x3  
  71  5:32  Probe  
  71  5:33  Probe  
  71  5:35  Probe  
  80  5:44  Probe x2  
  80  5:45  Probe  
  80  5:47  Assimilator  
  80  5:49  Assimilator  
  83  5:54  Probe  
  83  5:56  Probe x2  
  85  5:58  Pylon  
  85  5:59  Pylon  
  85  6:00  Immortal  
  85  6:01  Gateway  
  85  6:03  Gateway  
  90  6:05  Gateway  
  90  6:08  Probe  
  90  6:10  Probe  
  90  6:18  Gateway  
  90  6:21  Gateway  
  90  6:23  Gateway  
  81  6:26  Sentry  
  81  6:27  Sentry x2  
  81  6:30  Blink (Chrono Boost)  
  85  6:34  Warp Prism  
  85  6:36  Pylon  
  85  6:37  Pylon  
  87  6:43  Probe  
  87  6:44  Probe x2  
  87  6:46  Pylon  
  90  6:48  Pylon  
  90  6:49  Pylon  
  90  6:50  Pylon  
  90  6:56  Stalker  
  90  6:57  Stalker x2  
  96  7:12  Immortal  
  96  7:13  Forge  
  96  7:14  Gateway  
  96  7:18  Pylon  
  96  7:30  Stalker x2  
  96  7:31  Stalker x3  
  96  7:32  Stalker  
  108  7:40  Stalker x2  
  108  8:02  Stalker x2  
  108  8:03  Stalker x5  
  108  8:04  Stalker x2  
  124  8:05  Immortal  
  112  8:29  Stalker x3  
  112  8:30  Stalker x5  
Tags
 
Add a new tag
Caveats
  • Supply blocks, unpowered buildings, or Contaminate may cause inaccurate times.
  • Supply counts are checked every 10 seconds.